 Dungeon Crawl Stone Soup version 0.28.0-45-g0d030f2227 (webtiles) character file.

Game seed: 2632949767694297909

574 CryoSword the Digger (level 7, -6/40 HPs)
             Began as a Gargoyle Earth Elementalist on Apr 14, 2022.
             Was an Initiate of the Shining One.
             Killed by divine providence
             ... invoked by an orc priest
              (11 damage)
             ... on level 4 of the Dungeon.
             The game lasted 00:04:59 (4377 turns).

CryoSword the Digger (Gargoyle Earth Elementalist)  Turns: 4377, Time: 00:05:00

Health: -6/40      AC:  9    Str: 12    XL:     7   Next: 35%
Magic:  10/10      EV: 12    Int: 17    God:    the Shining One [......]
Gold:   290        SH:  0    Dex: 10    Spells: 4/10 levels left

rFire   . . .      SeeInvis .   n - +1 quarterstaff (spect)
rCold   . . .      Faith    .   (shield currently unavailable)
rNeg    + . .      Spirit   .   b - +0 robe
rPois   ∞          Reflect  .   (no helmet)
rElec   +          Harm     .   (no cloak)
rCorr   .          Rampage  .   (no gloves)
Will    .....                   i - +2 pair of boots
Stlth   +.........              j - amulet of regeneration
HPRegen 0.93/turn               (no ring)
MPRegen 0.12/turn               (no ring)

@: glowing
A: sickness immunity, AC +4, negative energy resistance 1, electricity
resistance, torment resistance 1, petrification resistance
a: Renounce Religion


You were on level 4 of the Dungeon.
You worshipped the Shining One.
The Shining One was noncommittal.
You visited 2 branches of the dungeon, and saw 5 of its levels.

You collected 290 gold pieces.

Inventory:

Hand Weapons
 n - a +1 spectral quarterstaff (weapon)
   (You found it on level 4 of the Dungeon)
Missiles
 d - 4 curare-tipped darts
 m - 43 stones
Armour
 b - a +0 robe (worn)
 i - a +2 pair of boots (worn)
   (You found it on level 2 of the Dungeon)
Jewellery
 j - an amulet of regeneration (around neck)
   (You found it on level 3 of the Dungeon)
Scrolls
 f - a scroll of identify {unknown}
 l - a scroll of immolation {unknown}
 o - a scroll of magic mapping {unknown}
Potions
 a - 2 potions of mutation {unknown}
 c - a potion of magic {unknown}
 e - 2 potions of lignification {unknown}
 g - 2 potions of heal wounds {unknown}
 h - 2 potions of attraction {unknown}
 k - a potion of resistance {unknown}


   Skills:
 + Level 2.9 Fighting
 + Level 0.9 Staves
 + Level 2.8 Dodging
 - Level 2.1 Stealth
 - Level 2.0 Spellcasting
 * Level 4.0 Conjurations
 + Level 2.2 Transmutations
 * Level 6.0 Earth Magic


You had 4 spell levels left.
You knew the following spells:

 Your Spells              Type           Power      Damage    Failure   Level
a - Sandblast             Erth           44%        2d11      1%          1
b - Stone Arrow           Conj/Erth      36%        3d9       8%          3
P - Passwall              Tmut/Erth      12%        N/A       5%          2

Your spell library contained the following spells:

 Spells                   Type           Power      Damage    Failure   Level
 Pain                     Necr           4%         1d4       19%         1
 Petrify                  Tmut/Erth      15%        N/A       34%         4
 Ozocubu's Armour         Ice            1%         N/A       50%         3
 Irradiate                Conj/Tmut      6%         3d15      83%         5
 Agony                    Necr           1%         N/A       99%         5
 Excruciating Wounds      Necr           0%         N/A       99%         5
 Metabolic Englaciation   Hex/Ice        0%         N/A       99%         5
 Simulacrum               Ice/Necr       0%         N/A       100%        6
 Sublimation of Blood     Necr           Unusable   N/A       N/A         2

Dungeon Overview and Level Annotations

Branches:
Dungeon (4/15)             Temple (1/1) D:4

Altars:
Cheibriados
Dithmenos
Elyvilon
Fedhas
Gozag
Hepliaklqana
Kikubaaqudgha
Makhleb
Nemelex Xobeh
Okawaru
Qazlal
Ru
Sif Muna
Trog
Uskayaw
Vehumet
Wu Jian
Xom
Yredelemnul
Zin
The Shining One

Shops:
D:4 (


Innate Abilities, Weirdness & Mutations

You are immune to sickness and miasma.
Your stone body is resilient. (AC +4)
You are immune to poison.
You resist negative energy. (rN+)
You are resistant to electric shocks. (rElec)
You are resistant to unholy torment.
You are immune to petrification.


Message History

Found 11 gold pieces.
The adder closely misses you.
You barely miss the adder.
Your +1 spectral quarterstaff hits the adder!
You kill the adder!
You see here an adder corpse.
You hit the adder skeleton but do no damage.
Your +1 spectral quarterstaff closely misses the adder skeleton.
The adder skeleton bites you but does no damage. x2
You barely miss the adder skeleton.
Your +1 spectral quarterstaff hits the adder skeleton!
The adder skeleton barely misses you.
You thump the adder skeleton!
You destroy the adder skeleton!
No target in view!
No target in view!
No target in view!
No target in view!
No target in view!
No target in view!
No target in view!
Found 7 gold pieces and a hunting sling.
Found a stone staircase leading down.
Found a rapier.
A scorpion comes into view.
An orc priest comes into view.
It is wielding a +0 whip and wearing a +2 leather armour of positive energy.
Found 9 gold pieces.
You see here a book of Blood.
An orc priest and an orc come into view.
The orc shouts!
The orc priest shouts!
You hear a shout!
An orc wizard comes into view. It is wielding a +0 dagger.
There is a staircase to the Ecumenical Temple here.
You can't go up here!
The orc priest miscasts a cantrip.
You climb downwards.
Welcome to the Ecumenical Temple!
There is a staircase back to the Dungeon here.
Could not explore, unopened door.
Could not explore, unopened door.
You open the door.
Could not explore, unopened door.
You open the door.
Could not explore, unopened door.
You open the door.
Could not explore, unopened door.
As you open the door, it creaks loudly!
There is an open door here.
Could not explore, unopened door.
As you open the door, it creaks loudly!
Found five altars.
Found four altars.
There is an open door here.
Found six altars.
Found four altars.
There is a shadowy altar of Dithmenos here.
Found an opulent altar of Gozag and a hazy altar of Hepliaklqana.
There is a glowing golden altar of the Shining One here.
You kneel at the altar of the Shining One.
The Shining One welcomes you!
You offer a prayer to the Shining One.
A glowing golden altar of the Shining One.
There is a shadowy altar of Dithmenos here.
There is an open door here.
There is an open door here.
There is a staircase back to the Dungeon here.
You climb upwards.
Welcome back to the Dungeon!
The orc wizard shouts!
The orc priest looks braver for a moment.
The scorpion barely misses you. The orc hits you with a +0 flail!
An endoplasm comes into view.
The orc priest miscasts a cantrip.
The orc hits you with a +0 flail. The scorpion closely misses you.
There is a staircase to the Ecumenical Temple here.
The orc wizard casts a spell.
The orc wizard flickers and vanishes!
Deactivating autopickup; reactivate with Ctrl-A.
The orc wizard gestures wildly while chanting.
The orc wizard flickers and vanishes!
The scorpion stings you.
You thump the scorpion!
Your +1 spectral quarterstaff hits the scorpion.
The scorpion barely misses you. The scorpion stings you.
You completely miss the scorpion.
Your +1 spectral quarterstaff hits the scorpion!!
You kill the scorpion!
Something hits your +1 spectral quarterstaff.
Your spectral weapon shares its damage with you!
You closely miss the orc.
Your +1 spectral quarterstaff hits the orc!
You kill the orc!
You completely miss the endoplasm.
Your +1 spectral quarterstaff hits the endoplasm.
The endoplasm freezes you.
You are frozen.
The orc priest looks encouraged for a moment.
Something hits your +1 spectral quarterstaff.
Your spectral weapon shares its damage with you!
The endoplasm closely misses you.
You hit the endoplasm.
You kill the endoplasm!
The orc priest mumbles some strange prayers to Beogh against you.
Pain shoots through your body! Something hits you.
You miss something.
Your +1 spectral quarterstaff hits something.
The orc priest looks encouraged for a moment.
Something hits you.
The orc priest completely misses your +1 spectral quarterstaff.
You hit something.
Your +1 spectral quarterstaff hits something!
Reactivating autopickup.
You feel a bit more experienced.
Something barely misses your +1 spectral quarterstaff.
Something hits your +1 spectral quarterstaff but does no damage.
Your Conjurations skill increases to level 4!
Your Earth Magic skill increases to level 6!
You swap places.
The orc priest hits you but does no damage.
The orc priest hits you with a +0 hand axe.
Something hits you but does no damage.
Deactivating autopickup; reactivate with Ctrl-A.
Items here: )) [[ ††.
You closely miss the orc priest.
Your +1 spectral quarterstaff hits the orc priest!
You kill the orc priest!
The Shining One accepts your kill. The orc priest closely misses you.
You hear some strange, mumbled words.
Something tries to affect you, but you resist.
You sock the orc priest!
The orc priest miscasts a cantrip.
Something hits you but does no damage. The orc priest hits you with a +0 whip.
You closely miss the orc priest.
You hear some strange, mumbled words.
Something tries to affect you, but you resist.
The orc priest barely misses you.
You hit the orc priest. Something hits you but does no damage.
The orc priest calls down the wrath of Beogh upon you.
Beogh smites you!
* * * LOW HITPOINT WARNING * * *
You hear some strange, mumbled words.
A puff of flame appears from out of thin air!
The puff of flame hits you!
* * * LOW HITPOINT WARNING * * *
You swap places.
You hit something.
Your +1 spectral quarterstaff hits something!
Reactivating autopickup.
You feel a bit more experienced.
The orc priest invokes the aid of Beogh against you.
Beogh smites you!
You die...

#.######.......#
###.#............+
................#
#......!.......#
#....?.........#
#.............$.
#÷.....:.$......
#(§.o...>.......
#@#.###$.)......
#.#.# ##........
#.#.# #........
#.#>. .....)...
#.### #........
##'##############
#......# #......#
###### #......#
........


You could see an orc priest and a friendly +1 spectral quarterstaff (summoned).

Vanquished Creatures
  Grinder (D:3)
  A scorpion (D:4)
  An orc priest (D:4)
  A jelly (D:4)
  Natasha (thrice) (D:2)
  2 orc wizards (D:4)
  7 adders
  A shadow imp (D:4)
  An adder skeleton (D:4)
  2 worms
  2 dart slugs
  5 orcs
  8 ball pythons
  9 endoplasms
  7 giant cockroaches
  3 goblins
  6 hobgoblins
  3 jackals (D:4)
  5 quokkas
  A bat (D:1)
  5 frilled lizards
  4 kobolds
  4 rats
82 creatures vanquished.

Vanquished Creatures (others)
  3 fungi (D:2)
  A plant (D:2)
4 creatures vanquished.

Grand Total: 86 creatures vanquished

Notes
Turn   | Place    | Note
-------+----------+-------------------------------------------
     0 | D:1      | CryoSword the Gargoyle Earth Elementalist began the quest
                  | for the Orb.
     0 | D:1      | Reached XP level 1. HP: 10/10 MP: 3/3
   251 | D:1      | Reached XP level 2. HP: 16/16 MP: 3/5
   549 | D:1      | Reached skill level 1 in Conjurations
   561 | D:1      | Reached skill level 1 in Transmutations
   580 | D:1      | Reached skill level 4 in Earth Magic
   952 | D:1      | Reached XP level 3. HP: 15/20 MP: 2/6
  1175 | D:1      | Learned a level 3 spell: Stone Arrow
  1182 | D:1      | Learned a level 2 spell: Passwall
  1430 | D:1      | Reached skill level 1 in Fighting
  1746 | D:2      | Found a faded altar of an unknown god.
  1767 | D:2      | Reached XP level 4. HP: 17/25 MP: 4/7
  2055 | D:2      | Noticed Natasha
  2060 | D:2      | Killed Natasha
  2125 | D:2      | Noticed Natasha
  2132 | D:2      | Killed Natasha
  2133 | D:2      | Reached XP level 5. HP: 16/30 MP: 3/8
  2500 | D:2      | Noticed Natasha
  2504 | D:2      | Killed Natasha
  2693 | D:2      | Found a faded altar of an unknown god.
  2987 | D:3      | Noticed Grinder
  3002 | D:3      | Killed Grinder
  3003 | D:3      | Reached skill level 5 in Earth Magic
  3003 | D:3      | Reached XP level 6. HP: 33/36 MP: 4/9
  3863 | D:4      | Found Koats's Weapon Shop.
  3953 | D:4      | Reached XP level 7. HP: 38/40 MP: 10/10
  4042 | D:4      | Found a staircase to the Ecumenical Temple.
  4057 | Temple   | Entered the Ecumenical Temple
  4299 | Temple   | Became a worshipper of the Shining One
  4371 | D:4      | Reached skill level 6 in Earth Magic
  4377 | D:4      | Killed from afar by an orc priest

Illustrated notes

Levels and vault maps discovered:
D:1:      dpeg_arrival_round_b, layout_loops_ring, hangedman_glass_teeth
D:2:      layout_basic, shapermc_ecumenical_altar_mp_ritualfount, uniq_natasha
D:3:      layout_loops_ring, uniq_grinder
D:4:      layout_basic, minmay_temple_entry_offerings, serial_shops, shop
Temple:   mainiacjoe_temple_starburst

Skill      XL: |  1  2  3  4  5  6  7 |
---------------+----------------------+-----
Conjurations   | 1 2 3 4 |  4.0
Transmutations | 1 2 |  2.2
Earth Magic    | 4 5 6 |  6.0
Fighting       | 1 2 |  2.9
Dodging        | 2 |  2.8
Staves         | |  0.9
Stealth        | |  2.1
Spellcasting   | |  2.0

Action                   |  1- 3 |  4- 6 |  7- 9 || total
-------------------------+-------+-------+-------++-------
Melee: Short sword       |    61 |       |       ||    61
       Dagger            |    35 |    92 |       ||   127
       Quarterstaff      |       |    12 |    21 ||    33
       Punch             |       |     1 |       ||     1
 Cast: Sandblast         |    37 |    24 |       ||    61
 Stab: Sleeping          |     3 |     2 |     1 ||     6
Armor: Robe              |    35 |    41 |     7 ||    83
Dodge: Dodged            |    74 |    72 |     9 ||   155
